 Dungeon Sprint DCSS version 0.26-a0-660-gc07710193c (webtiles) character file.

Game seed: 5450714656418613885

56 TerrariaFan the Charlatan (level 3, -5/27 HPs)
             Began as a Barachi Artificer on Oct 6, 2020.
             Splashed by a deep elf sorcerer's acid (9 damage)
             ... in the Dungeon (Sprint V: "Ziggurat Sprint").
             The game lasted 00:00:30 (54 turns).

TerrariaFan the Charlatan (Barachi Artificer)         Turns: 54, Time: 00:00:31

Health: -5/27      AC: 26    Str: 14    XL:     3   Next: 95%
Magic:  3/3        EV: -3    Int: 11    God:
Gold:   0          SH: 25    Dex: 12    Spells: 2/2 levels left

rFire    . . .     SeeInvis .   C - +7 Screaming Sword {vorpal, sonic wave}
rCold    . . .     Faith    .   B - +18 shield of the Gong {rElec rN+ MR+ EV-5}
rNeg     + . .     Spirit   .   A - +15 Maxwell's patent armour {-Cast -Tele rElec MR+ rCorr}
rPois    .         Reflect  .   (no helmet)
rElec    +         Harm     .   (no cloak)
rCorr    +         Rampage  .   (no gloves)
MR       ++...     NoTele   +   (no boots) Stlth ..........NoCast +
                                (no amulet)
HPRegen  0.09/turn              (no ring)
MPRegen  0.08/turn              (no ring)

@: slow
A: +LOS, swims, slowness 1, strong legs 1
a: Hop


You were in the Dungeon.
You visited 1 branch

Inventory:

Hand Weapons
 a - a +0 club
 C - the +7 Screaming Sword (weapon) {vorpal, sonic wave}
   (You found it in the Dungeon)

   It inflicts extra damage upon your enemies.
Armour
 b - a +0 leather armour
 A - the +15 Maxwell's patent armour (worn) {-Cast -Tele rElec MR+ rCorr}
   (You found it in the Dungeon)

   It insulates you from electricity.
   It affects your resistance to hostile enchantments.
   It prevents spellcasting.
   It prevents most forms of teleportation.
   It provides partial protection from all sources of acid and corrosion.
 B - the +18 shield of the Gong (worn) {rElec rN+ MR+ EV-5}
   (You found it in the Dungeon)

   It affects your evasion (-5).
   It insulates you from electricity.
   It protects you from negative energy.
   It affects your resistance to hostile enchantments.
Wands
 c - a wand of flame (15)
 d - a wand of enslavement (15)
 e - a wand of random effects (15)
 x - a wand of disintegration (7)
 y - a wand of iceblast (7)
 z - a wand of acid (7)
Scrolls
 k - 4 scrolls of blinking
 r - 4 scrolls of amnesia
 s - 7 scrolls of fog
 t - a scroll of holy word
 u - 5 scrolls of identify
 v - 5 scrolls of remove curse
 w - 2 scrolls of fear
Potions
 f - 10 potions of curing
 g - 10 potions of heal wounds
 h - 6 potions of haste
 i - 7 potions of magic
 j - 3 potions of berserk rage
 l - 2 potions of brilliance
 m - 2 potions of invisibility
 n - 4 potions of resistance
 o - a potion of experience
 p - 5 potions of stabbing
 q - 5 potions of might


   Skills:
 + Level 1.8 Fighting
 + Level 1.0 Long Blades
 + Level 4.3 Armour
 + Level 1.6 Dodging
 + Level 1.0 Stealth
 + Level 7.6 Evocations


You had 2 spell levels left.
You didn't know any spells.
Your spell library was empty.

Dungeon Overview and Level Annotations

Branches:
Dungeon (1/1)

Altars:
Ashenzari
Cheibriados
Dithmenos
Elyvilon
Fedhas
Gozag
Hepliaklqana
Kikubaaqudgha
Makhleb
Nemelex Xobeh
Okawaru
Qazlal
Ru
Sif Muna
Trog
Uskayaw
Vehumet
Wu Jian
Xom
Yredelemnul
Zin
The Shining One
Beogh
Jiyva
Lugonu

Annotations:
D 1 transporter


Innate Abilities, Weirdness & Mutations

You can be seen from farther away. (+LOS)
You can swim through water.
You cover ground slowly.
You can hop short distances.


Message History

The deep elf sorcerer is severely wounded.
You block the deep elf sorcerer's attack.
GONNNNG!
You block the deep elf sorcerer's attack.
GONNNNG!
Unknown command.
You closely miss the deep elf sorcerer.
The deep elf sorcerer is severely wounded.
The deep elf sorcerer hits you with a +0 short sword.
The deep elf sorcerer hits you but does no damage.
You block the deep elf sorcerer's attack.
GONNNNG!
You slash the deep elf sorcerer!
The deep elf sorcerer is severely wounded.
The deep elf sorcerer points at you and mumbles some strange words.
The bolt of acid hits you! You resist.
Ouch! That really hurt!
* * * LOW HITPOINT WARNING * * *
You are splashed with acid!
You resist.
You die...

▓▓▓▓▓▓▓
▓.8©8.▓
▓.....▓
▓.[.".▓
▓.....▓
▓..e..▓
▓..@..▓
▓▓▓▓▓▓▓


You could see a deep elf sorcerer (fast).

Vanquished Creatures
  An earth elemental (D)
1 creature vanquished.

Notes
Turn   | Place    | Note
-------+----------+-------------------------------------------
     0 | D        | Found the +6 Majin-Bo {vamp, MP+6 Int+6}
     0 | D        | Found the +9 heavy crossbow "Sniper" {vorpal, Acc+∞ SInv}
     0 | D        | Found the +10 dark maul {vorpal}
     0 | D        | Found the +15 Maxwell's patent armour {-Cast -Tele rElec
                  | MR+ rCorr}
     0 | D        | Found the +18 shield of the Gong {rElec rN+ MR+ EV-5}
     0 | D        | Found the cursed +14 obsidian axe {vorpal, +Fly SInv
                  | *Curse}
     0 | D        | Found the +7 great mace "Firestarter" {inner flame, rF++}
     0 | D        | Found the +6 shillelagh "Devastator" {shatter}
     0 | D        | Found the +11 plutonium sword {*Contam Stlth-}
     0 | D        | Found the +8 lance "Wyrmbane" {slay drac, rPois rF+ rC+
                  | AC+3}
     0 | D        | Found the +9 sword of Zonguldrok {reap}
     0 | D        | Found the cursed +13 scythe of Curses {drain, *Curse}
     0 | D        | Found the +0 sword of Power
     0 | D        | Found the +7 mace of Variability {chain chaos}
     0 | D        | Found the +7 Singing Sword {vorpal, sonic wave}
     0 | D        | Found the +8 storm bow {elec, penet}
     0 | D        | TerrariaFan the Barachi Artificer began the quest for the
                  | Orb.
     0 | D        | Reached XP level 1. HP: 15/15 MP: 1/1
     1 | D        | Found a transporter.
     1 | D        | Found an ancient bone altar of Kikubaaqudgha.
     1 | D        | Found a viscous altar of Jiyva.
     1 | D        | Found a corrupted altar of Lugonu.
     1 | D        | Found a hazy altar of Hepliaklqana.
     1 | D        | Found a burning altar of Makhleb.
     1 | D        | Found an opulent altar of Gozag.
     6 | D        | Banished a spatial maelstrom
    45 | D        | Entered arena 2.
    45 | D        | Noticed a deep elf sorcerer
    45 | D        | Noticed an earth elemental
    45 | D        | Found a transporter.
    46 | D        | Found the amulet of Vitality {Regen+ HP+15}
    47 | D        | Killed an earth elemental
    47 | D        | Reached skill level 1 in Long Blades
    47 | D        | Reached skill level 1 in Stealth
    47 | D        | Reached skill level 7 in Evocations
    47 | D        | Reached XP level 2. HP: 22/22 MP: 2/2
    47 | D        | Reached XP level 3. HP: 27/27 MP: 3/3
    54 | D        | Splashed by a deep elf sorcerer's acid

Illustrated notes

Levels and vault maps discovered:
D:        sprint_v [room_start, room_1, room_2, room_3, room_4, room_5, room_6,
          room_7, room_8, room_9, room_10, room_11, room_12, room_13, room_14,
          room_15, room_16, room_17, room_18, room_19, room_20, room_21,
          room_22, room_23, room_24, room_25, room_26, room_27]

Skill      XL: |  1 |
---------------+----+-----
Long Blades    | 1 |  1.0
Armour         | 4 |  4.3
Stealth        | 1 |  1.0
Evocations     | 7 |  7.6
Fighting       | |  1.8
Dodging        | |  1.6

Action                   || total
-------------------------++-------
Melee: Double sword      ||     7
Armor: Plate armour      ||     2
Block: Kite shield       ||     8

Table legend: (Time is in decaauts)
 A = Elapsed time spent in this place.
 B = Non-inter-level travel time spent in this place.
 C = Inter-level travel time spent in this place.
 D = Time resting spent in this place.
 E = Time spent auto-exploring this place.
 F = Levels seen in this place.
 G = Mean time per level.
                   A        B        C        D        E       F      G
               +--------+--------+--------+--------+--------+-----+--------+
         Total |     62 |     62 |      0 |      0 |      0 |   1 |   62.0 |
       Dungeon |     62 |     62 |      0 |      0 |      0 |   1 |   62.0 |
               +--------+--------+--------+--------+--------+-----+--------+

Top non-repeatable levels by time:
       D: 62 daAuts
